 Dungeon Crawl Stone Soup version 0.23-a0-677-g07611c5 (webtiles) character file.

323 zishaf the Shield-Bearer (level 6, -3/52 HPs)
             Began as a Deep Dwarf Wanderer on Jan 10, 2019.
             Was a Believer of Elyvilon.
             Slain by an ogre
             ... wielding a +0 giant spiked club
              (25 damage)
             ... on level 4 of the Dungeon.
             The game lasted 00:14:44 (4384 turns).

zishaf the Shield-Bearer (Deep Dwarf Wanderer)      Turns: 4384, Time: 00:14:45

Health: -3/52      AC:  6    Str: 16    XL:     6   Next: 23%
Magic:  9/9        EV: 10    Int: 14    God:    Elyvilon [**....]
Gold:   144        SH:  5    Dex: 15    Spells: 11/12 levels left

rFire    . . .     SeeInvis .   a - +2 mace (crush)
rCold    . . .     Gourm    .   c - +0 buckler
rNeg     . . .     Faith    .   i - +0 ring mail
rPois    .         Spirit   .   g - +0 helmet
rElec    .         Reflect  .   (no cloak)
rCorr    .         Harm     .   (no gloves)
MR       .....                  (no boots)
Stlth    ..........             (no amulet)
HPRegen  0.00/turn              e - ring of attention (curse)
MPRegen  0.11/turn              l - +3 ring of strength

@: non-regenerating
A: damage resistance, heal wounds, sense surroundings 1, no regeneration
a: Heal Wounds, Lesser Healing, Heal Other, Divine Protection, Renounce Religion


You were on level 4 of the Dungeon.
You worshipped Elyvilon.
Elyvilon was pleased with you.
You were hungry.

You visited 1 branch of the dungeon, and saw 5 of its levels.

You collected 144 gold pieces.

Inventory:

Hand Weapons
 a - a +2 mace of crushing (weapon)
 b - a +0 hunting sling
 d - a +0 spear
Missiles
 o - 23 sling bullets
 p - 74 stones (quivered)
Armour
 c - a +0 buckler (worn)
 g - a +0 helmet (worn)
 i - a +0 ring mail (worn)
Jewellery
 e - a cursed ring of attention (left hand)
 l - a +3 ring of strength (right hand)
Wands
 q - a wand of polymorph (6)
Scrolls
 h - 3 scrolls of identify {unknown}
 j - a scroll of magic mapping {unknown}
 k - 5 scrolls of teleportation
 s - 2 scrolls of amnesia {unknown}
 t - a scroll of noise {unknown}
 u - a scroll of remove curse
Potions
 m - 3 potions of heal wounds {unknown}
 n - a potion of magic {unknown}
 r - a potion of agility {unknown}
 v - 2 potions of curing {unknown}
Comestibles
 f - 7 rations
 w - 3 chunks of flesh


   Skills:
 - Level 2.0 Fighting
 + Level 1.0 Maces & Flails
 + Level 2.5 Armour
 - Level 2.0 Stealth
 - Level 4.0 Shields
 - Level 3.6 Spellcasting
   Level 3.2 Translocations
 + Level 3.7 Earth Magic
 + Level 2.5 Invocations


You had 11 spell levels left.
You knew the following spells:

 Your Spells              Type           Power        Failure   Level  Hunger
a - Sandblast             Erth           ##....       9%          1    None

Your spell library contained the following spells:

 Spells                   Type           Power        Failure   Level  Hunger
 Blink                    Tloc           N/A          14%         2    ##.....
 Magic Dart               Conj           #...         36%         1    None
 Stone Arrow              Conj/Erth      #.....       45%         3    ###....
 Call Imp                 Summ           #.......     50%         2    ##.....
 Slow                     Hex            #.......     50%         2    ##.....
 Conjure Flame            Conj/Fire      #.......     75%         3    ###....
 Mephitic Cloud           Conj/Pois/Air  #.......     75%         3    ###....


Dungeon Overview and Level Annotations

Branches:
Dungeon (5/15)
 Temple: D:4-7

Altars:
Elyvilon
Hepliaklqana
Yredelemnul


Innate Abilities, Weirdness & Mutations

You are resistant to damage.
You can heal yourself by infusing magical energy.
You passively map a small area around you.
You do not regenerate.


Message History

The quokka bites you.
The quokka bites you but does no damage.
The quokka barely misses you. The ogre barely misses you.
You climb upwards.
There is a stone staircase leading down here.
The quokka barely misses you.
The quokka bites you but does no damage.
The quokka barely misses you. You block the quokka's attack.
The quokka barely misses you.
The ogre hits you with a +0 giant spiked club!
The quokka twitches its whiskers.
The quokka bites you.
The quokka bites you but does no damage.
You block the quokka's attack. The ogre barely misses you.
You block the quokka's attack.
You are feeling hungry.
You block the quokka's attack.
The ogre hits you with a +0 giant spiked club!!
You die...

#......#.......#.......
#......#.......########
#......#.......#.......
#......#.......#.......
#......#.......#.......
#......#.......#.......
#......#.......#.......
#......#.......#.......
#.>...@#.......#.......
#....Or#.......########
#......#........#.....#
#......#........#.....#
#......#........#.....#
#......#........#.....#
#......#...##..####...#
#......#.>.##..####...#
#......#...............


You could see an ogre and a quokka.

Vanquished Creatures
  A howler monkey (D:4)
  Jessica (D:3)
  An iguana (D:5)
  A worker ant (D:4)
  Robin (D:2)
  7 adders
  3 oozes
  8 worms
  2 dart slugs
  2 leopard geckos
  4 orcs (D:3)
  7 bats
  7 giant cockroaches
  17 goblins
  13 hobgoblins
  3 jackals (D:1)
  2 ball pythons
  A jackal skeleton (D:5)
  6 kobolds
  A leopard gecko zombie (D:4)
  4 rats
92 creatures vanquished.

Notes
Turn   | Place    | Note
-------+----------+-------------------------------------------
     0 | D:1      | zishaf the Deep Dwarf Wanderer began the quest for the Orb.
     0 | D:1      | zishaf set off with the following items: a +0 buckler, a +0
                  | robe, a +0 dagger, a ration; and the following spells
                  | available to memorise: Blink, Sandblast, Magic Dart, Call
                  | Imp, Slow, Stone Arrow, Conjure Flame, Mephitic Cloud
     0 | D:1      | Reached XP level 1. HP: 15/15 MP: 5/5
     2 | D:1      | Learned a level 1 spell: Sandblast
   233 | D:1      | Reached skill level 1 in Stealth
   385 | D:1      | Reached XP level 2. HP: 4/22 MP: 0/6
   516 | D:1      | Reached skill level 3 in Shields
  1029 | D:1      | Reached XP level 3. HP: 19/28 MP: 7/7
  1544 | D:2      | Found a faded altar of an unknown god.
  1617 | D:2      | Reached skill level 1 in Armour
  1617 | D:2      | Reached XP level 4. HP: 19/37 MP: 0/8
  1733 | D:2      | Reached skill level 1 in Fighting
  1787 | D:2      | Found a hazy altar of Hepliaklqana.
  1787 | D:2      | Found a white marble altar of Elyvilon.
  1788 | D:2      | Found a basalt altar of Yredelemnul.
  2365 | D:2      | Became a worshipper of Elyvilon the Healer
  2432 | D:3      | Noticed Robin
  2547 | D:2      | Killed Robin
  2547 | D:2      | Reached skill level 4 in Shields
  2774 | D:3      | Reached XP level 5. HP: 40/44 MP: 8/8
  2945 | D:3      | Reached skill level 1 in Invocations
  2956 | D:3      | Reached * piety under Elyvilon
  3035 | D:3      | Noticed Jessica
  3041 | D:3      | Killed Jessica
  3783 | D:4      | Reached XP level 6. HP: 43/52 MP: 9/9
  3829 | D:4      | Reached ** piety under Elyvilon
  4276 | D:5      | Entered Level 5 of the Dungeon
  4285 | D:5      | Reached skill level 1 in Maces & Flails
  4384 | D:4      | Slain by an ogre

Vault maps used:
D:1:      minmay_arrival_loop, supply_closet_lemuel
D:2:      gammafunk_temple_overflow_claw, chequers_ecumenical_altar_lobes,
          first_ration
D:3:      st_stairs_6, hex_medium, uniq_robin, uniq_jessica

Skill      XL: |  1  2  3  4  5  6 |
---------------+-------------------+-----
Stealth        | 1 2 |  2.0
Shields        | 3 4 |  4.0
Earth Magic    | 2 3 |  3.7
Armour         | 1 2 |  2.5
Fighting       | 1 2 |  2.0
Invocations    | 2 |  2.5
Maces & Flails | 1 |  1.0
Spellcasting   | |  3.6
Translocations | |  3.2

Action                   |  1- 3 |  4- 6 || total
-------------------------+-------+-------++-------
Melee: Dagger            |   101 |    73 ||   174
       Spear             |   101 |    90 ||   191
       Mace              |       |    18 ||    18
 Fire: Hunting sling     |       |    46 ||    46
 Cast: Sandblast         |    18 |    22 ||    40
Invok: Lesser Healing    |       |     5 ||     5
 Abil: Heal Wounds       |     1 |     2 ||     3
  Use: Scroll            |     1 |     1 ||     2
  Eat: Chunk             |     3 |     9 ||    12
Armor: Robe              |    11 |       ||    11
       Ring mail         |    43 |    46 ||    89
Dodge: Dodged            |    86 |    71 ||   157
Block: Buckler           |    42 |    39 ||    81

Table legend:
 A = Non-vault XP
 B = Vault XP
 C = Vault XP percentage of total XP
 D = Non-vault monster count
 E = Vault monster count
 F = Vault count percentage of total count
                 A         B        C        D         E       F
            +---------+---------+-------+---------+---------+-------
      Total |     383 |      79 |  17.1 |      78 |      14 |  15.2
            +---------+---------+-------+---------+---------+-------
        D:1 |      65 |       0 |   0.0 |      29 |       0 |   0.0
        D:2 |      82 |      26 |  24.1 |      18 |       6 |  25.0
        D:3 |      74 |      53 |  41.7 |      21 |       8 |  27.6
        D:4 |     125 |       0 |   0.0 |       8 |       0 |   0.0
        D:5 |      37 |       0 |   0.0 |       2 |       0 |   0.0
            +---------+---------+-------+---------+---------+-------
